 Dungeon Crawl Stone Soup version 0.31-a0-986-g5e6e4ef867 (webtiles) character file.

Game seed: 17717821980002635004

21059 FakeRyeBread the Grappler (level 12, -1/122 HPs)
             Began as a Troll Fighter on Nov 9, 2023.
             Was an Elder of Wu Jian.
             Slain by a komodo dragon (23 damage)
             ... on level 2 of the Lair of Beasts.
             The game lasted 00:29:26 (11838 turns).

FakeRyeBread the Grappler (Troll Fighter)          Turns: 11838, Time: 00:29:28

Health: -1/122     AC:  8    Str: 27    XL:     12   Next: 50%
Magic:  11/11      EV: 10    Int:  8    God:    Wu Jian [****..]
Gold:   635        SH: 12    Dex:  9    Spells: 11/11 levels left

rFire   . .          .
                       - Unarmed
rCold   . . .        b - +2 kite shield
rNeg    . . .        M - +0 troll leather armour
rPois   .            P - +1 hat
rElec   .            D - +1 cloak
rCorr   +            (gloves unavailable)
SInv    .            (boots unavailable)
Will    +....        (no amulet)
Stlth   +            K - ring of willpower
HPRegen 2.00/turn    B - ring of resist corrosion
MPRegen 0.12/turn

%: no passive effects
@: no status effects
A: large, unfitting armour, claws 3, regeneration 1, shaggy fur 1, tough skin 1
a: Renounce Religion, Wall Jump, Serpent's Lash


You were on level 2 of the Lair of Beasts.
You worshipped Wu Jian.
Wu Jian was greatly pleased with you.
You visited 2 branches of the dungeon, and saw 14 of its levels.
You also visited: Sewer.

You collected 635 gold pieces.

Inventory:

Missiles
 p - 20 boomerangs
 x - 2 throwing nets
 C - 14 poisoned darts
 H - 6 javelins
 O - 41 stones
Armour
 b - a +2 kite shield (worn)
 D - a +1 cloak (worn)
 M - a +0 troll leather armour (worn)
 P - a +1 hat (worn)
Jewellery
 a - a +4 ring of slaying
 l - a ring of protection from fire
 n - a ring of flight
 q - a +5 ring of evasion
 z - an amulet of magic regeneration
 B - a ring of resist corrosion (right claw)
 F - a +5 ring of evasion
 G - a ring of protection from cold
 K - a ring of willpower (left claw)
 R - a +6 ring of strength
Wands
 f - a wand of digging (5)
 r - a wand of iceblast (19)
 w - a wand of flame (21) (quivered)
 I - a wand of light (7)
 N - a wand of charming (4)
Scrolls
 d - 3 scrolls of vulnerability
 g - a scroll of butterflies
 h - 2 scrolls of revelation
 i - 8 scrolls of teleportation
 k - 3 scrolls of amnesia
 m - 4 scrolls of enchant weapon
 s - 2 scrolls of fear
 y - a scroll of blinking
 A - 2 scrolls of immolation
 J - 4 scrolls of poison
 L - 3 scrolls of identify
 Q - a scroll of fog
Potions
 c - 2 potions of might
 e - 2 potions of resistance
 j - 2 potions of brilliance
 o - 3 potions of haste
 t - 2 potions of invisibility
 u - a potion of cancellation
 v - 5 potions of enlightenment
 E - a potion of mutation
 S - a potion of lignification {unknown}


   Skills:
 + Level 8.7 Fighting
 + Level 7.1 Dodging
 + Level 9.5 Shields
 * Level 13.9 Unarmed Combat


You had 11 spell levels left.
You didn't know any spells.
Your spell library contained the following spells:

 Spells                   Type           Power      Damage    Failure   Level
 Slow                     Hex            0%         N/A       63%         1
 Confusing Touch          Hex            0%         N/A       94%         3
 Sigil of Binding         Hex            0%         N/A       94%         3
 Tukima's Dance           Hex            0%         N/A       94%         3
 Vampiric Draining        Necr           0%         2d6       94%         3
 Dimensional Bullseye     Hex/Tloc       0%         N/A       100%        4
 Iskenderun's Mystic Bla  Conj/Tloc      0%         2d3       100%        4
 Summon Ice Beast         Ice/Summ       0%         N/A       100%        4
 Summon Mana Viper        Hex/Summ       0%         N/A       100%        5
 Monstrous Menagerie      Summ           0%         N/A       100%        7


Dungeon Overview and Level Annotations

Branches:
Dungeon (12/15)            Temple (0/1) D:7            Lair (2/5) D:8
  Swamp (0/4) Lair:2          Orc (0/2) D:9           Sewer (visited)
  Snake: Lair:2-3    Spider: Lair:2-3

Altars:
Ashenzari
Dithmenos
Elyvilon
Hepliaklqana
Kikubaaqudgha
Makhleb
Qazlal
Wu Jian
Yredelemnul
Zin
The Shining One

Shops:
D:10 *

Portals:
Abyss: D:8

Annotations:
D:8 2 transporters, ragingrage's ghost, novice TeWr
D:9 3 runed translucent doors, jejorda2's ghost, journeyman GnBe


Innate Abilities, Weirdness & Mutations

You are too large for most types of armour.
You have claws for hands.
Your natural rate of healing is unusually fast.
You are covered in fur. (AC +1)
You have tough skin. (AC +1)


Message History

The elephant trunk-slaps you but does no damage.
You spin and attack the elephant repeatedly.
You mangle the elephant!!
The elephant is heavily wounded.
You scratch the elephant but do no damage.
The elephant is heavily wounded.
The elephant tramples you!
You hold your ground!
The elephant trunk-slaps you.
You scratch the elephant but do no damage.
The six-headed hydra bites you!
The six-headed hydra bites you but does no damage.
The six-headed hydra bites you! The six-headed hydra bites you.
You block the six-headed hydra's attack. x2
You scratch the elephant.
The elephant is lightly wounded.
The elephant tramples you!
* * * LOW HITPOINT WARNING * * *
You stumble backwards!
The elephant tramples you.
* * * LOW HITPOINT WARNING * * *
You stumble backwards!
A komodo dragon comes into view.
The komodo dragon hisses angrily.
The elephant attacks as it pursues you! The elephant tramples you.
* * * LOW HITPOINT WARNING * * *
You stumble backwards!
You spin and attack the skyshark.
You claw the skyshark!
The skyshark is severely wounded.
The skyshark bites you!
* * * LOW HITPOINT WARNING * * *
The skyshark enters a blood-rage!
The skyshark misses you. You block the skyshark's attack.
The skyshark bites you!
* * * LOW HITPOINT WARNING * * *
The skyshark closely misses you. You block the skyshark's attack.
You spin and attack the komodo dragon repeatedly.
You mangle the komodo dragon!!
The komodo dragon is heavily wounded.
You claw the komodo dragon!
The komodo dragon is severely wounded.
The komodo dragon bites you!!
You die...

### # ##### ##.### ####### #. ##
### #.#.#####..P.###...#.###..
.###P####........................
.................................
................@l...............
.................lY.YY...........
#...P#####...........D...........
##..######.......................
.................................
.##..............................
.....#...#.......................
~~~..#....##...........÷.........
~~~...........~≈≈~~~....÷<.......


You could see a skyshark (berserk), a six-headed hydra, 3 elephants and a komodo
dragon.

Vanquished Creatures
  Gastronok (Lair:1)
  Nessos (D:12)
  An eleionoma (Lair:2)
  4 two-headed ogres
  Pikel (D:7)
  An ugly thing (D:11)
  A manticore (D:11)
  A cyclops (D:12)
  5 elephants (Lair:1)
  2 gargoyles
  2 cane toads (Lair:1)
  3 komodo dragons
  Maggie (D:6)
  4 trolls
  Grinder (D:6)
  A vampire (D:11)
  17 yaks
  A shadow (D:11)
  3 wraiths
  2 wyverns (D:9)
  2 steam dragons
  3 acid dragons
  4 water moccasins
  2 orc warriors (D:9)
  A sky beast (D:7)
  3 black bears (D:8)
  An ogre (D:7)
  3 wolves (Lair:2)
  A centaur (D:10)
  2 phantoms
  A lemure (D:7)
  5 kobold brigands
  Blork the orc (D:4)
  15 bullfrogs
  4 gnoll sergeants
  3 scorpions
  3 wights (D:9)
  11 killer bees
  5 electric eels (D:7)
  4 howler monkeys
  A jelly (D:5)
  5 orc priests
  2 hounds
  3 gnoll boudas
  A sleepcap (D:6)
  Crazy Yiuf (D:6)
  4 iguanas
  6 orc wizards
  2 scorpion zombies (D:4)
  A hound zombie (D:4)
  32 gnolls
  15 adders
  6 river rats (Sewer)
  A shadow imp (D:6)
  2 white imps
  2 ufetubi (D:7)
  2 adder zombies (D:4)
  4 worms
  5 dart slugs
  42 orcs
  14 ball pythons
  14 endoplasms
  4 giant cockroaches
  9 goblins
  5 hobgoblins
  2 jackals (Sewer)
  7 quokkas
  10 bats
  4 frilled lizards
  21 kobolds
  7 rats
361 creatures vanquished.

Vanquished Creatures (others)
  A swamp drake (D:9)
1 creature vanquished.

Grand Total: 362 creatures vanquished

Notes
Turn   | Place    | Note
-------+----------+-------------------------------------------
     0 | D:1      | FakeRyeBread the Troll Fighter began the quest for the Orb.
     0 | D:1      | Reached XP level 1. HP: 22/22 MP: 0/0
   192 | D:1      | Reached XP level 2. HP: 19/29 MP: 1/1
   456 | D:1      | Reached XP level 3. HP: 36/36 MP: 2/2
   639 | D:1      | Reached skill level 3 in Unarmed Combat
  1104 | D:2      | Reached XP level 4. HP: 44/44 MP: 3/3
  1565 | D:3      | Found an ancient bone altar of Kikubaaqudgha.
  2260 | D:4      | Found a faded altar of an unknown god.
  2260 | D:4      | Found a hazy altar of Hepliaklqana.
  2262 | D:4      | Noticed Blork the orc
  2273 | D:4      | Killed Blork the orc
  2274 | D:4      | Reached skill level 4 in Unarmed Combat
  2274 | D:4      | Reached XP level 5. HP: 34/53 MP: 4/4
  2404 | D:4      | Found a glowing drain.
  2413 | D:4      | Noticed a phantom
  2425 | D:4      | Killed a phantom
  2426 | D:4      | Reached XP level 6. HP: 56/61 MP: 5/5
  2434 | D:4      | Reached skill level 5 in Unarmed Combat
  2471 | Sewer    | Entered a sewer
  2777 | Sewer    | Reached XP level 7. HP: 64/68 MP: 6/6
  3151 | D:4      | Found a basalt altar of Yredelemnul.
  3695 | D:5      | Entered Level 5 of the Dungeon
  3713 | D:5      | Found a burning altar of Makhleb.
  3737 | D:5      | Reached skill level 6 in Unarmed Combat
  3869 | D:5      | Found a shadowy altar of Dithmenos.
  4094 | D:5      | Found a stormy altar of Qazlal.
  4342 | D:5      | Found an ornate altar of the Wu Jian Council.
  4428 | D:5      | Became a worshipper of the Wu Jian Council
  4603 | D:6      | Reached skill level 5 in Shields
  4674 | D:6      | Reached XP level 8. HP: 79/79 MP: 7/7
  4678 | D:6      | Reached skill level 7 in Unarmed Combat
  4843 | D:6      | Reached * piety under Wu Jian
  4937 | D:6      | Noticed Grinder
  4947 | D:6      | Noticed Maggie
  4947 | D:6      | Paralysed by Grinder for 3 turns
  4951 | D:6      | Killed Grinder
  4952 | D:6      | Reached skill level 5 in Fighting
  4967 | D:6      | Killed Maggie
  4968 | D:6      | Reached skill level 8 in Unarmed Combat
  5211 | D:6      | Found a runed translucent door.
  5212 | D:6      | Noticed Crazy Yiuf
  5418 | D:6      | Killed Crazy Yiuf
  5523 | D:7      | Reached XP level 9. HP: 84/88 MP: 8/8
  5555 | D:7      | Found a staircase to the Ecumenical Temple.
  5576 | D:7      | Noticed Pikel
  5599 | D:7      | Killed Pikel
  5600 | D:7      | Reached skill level 9 in Unarmed Combat
  6301 | D:7      | Reached ** piety under Wu Jian
  6714 | D:8      | Reached skill level 10 in Unarmed Combat
  6727 | D:8      | Reached XP level 10. HP: 37/100 MP: 9/9
  6864 | D:8      | Found a staircase to the Lair.
  6876 | D:8      | Found a transporter.
  6949 | D:8      | Found a one-way gate to the infinite horrors of the Abyss.
  6949 | D:8      | Noticed ragingrage's ghost (novice TeWr)
  6983 | D:8      | Found a transporter.
  7435 | D:9      | Noticed a two-headed ogre
  7526 | D:9      | Found a runed translucent gate.
  7526 | D:9      | Found a runed translucent gate.
  7526 | D:9      | Found a runed translucent gate.
  7599 | D:9      | Noticed jejorda2's ghost (journeyman GnBe)
  7733 | D:9      | Found a white marble altar of Elyvilon.
  7736 | D:9      | Found a glowing silver altar of Zin.
  7741 | D:9      | Found a glowing golden altar of the Shining One.
  7782 | D:9      | Reached skill level 11 in Unarmed Combat
  7943 | D:9      | Reached *** piety under Wu Jian
  7984 | D:9      | Killed a two-headed ogre
  7985 | D:9      | Reached skill level 5 in Dodging
  8126 | D:9      | Found a staircase to the Orcish Mines.
  8287 | D:10     | Entered Level 10 of the Dungeon
  8425 | D:10     | Found Uxaz's Fire Supplies.
  8458 | D:10     | Noticed a two-headed ogre
  8466 | D:10     | Killed a two-headed ogre
  8467 | D:10     | Reached XP level 11. HP: 109/109 MP: 10/10
  8954 | D:11     | Noticed a two-headed ogre
  8956 | D:11     | Killed a two-headed ogre
  9010 | D:11     | Noticed a two-headed ogre
  9020 | D:11     | Killed a two-headed ogre
  9021 | D:11     | Reached skill level 12 in Unarmed Combat
  9083 | D:11     | Noticed a cyan ugly thing
  9091 | D:11     | Killed a cyan ugly thing
  9617 | D:11     | Reached **** piety under Wu Jian
 10201 | D:12     | Noticed Nessos
 10221 | D:12     | Found a broken altar of Ashenzari.
 10605 | D:12     | Killed Nessos
 10853 | Lair:1   | Entered Level 1 of the Lair of Beasts
 10884 | Lair:1   | Reached skill level 13 in Unarmed Combat
 10927 | Lair:1   | Reached XP level 12. HP: 84/120 MP: 11/11
 11493 | Lair:2   | Noticed Gastronok
 11527 | Lair:1   | Killed Gastronok
 11669 | Lair:2   | Found a staircase to the Swamp.
 11669 | Lair:2   | Noticed an eleionoma
 11683 | Lair:2   | Killed an eleionoma
 11767 | Lair:2   | Noticed a five-headed hydra
 11838 | Lair:2   | Slain by a komodo dragon

Illustrated notes

Levels and vault maps discovered:
D:1:      nagdon_arrival_double_spiral, layout_loops_cross
D:2:      layout_loops_cross, minmay_hedge_maze
D:3:      cheibrodos_helix_gallery, layout_loops_ring,
          mainiacjoe_overflow_brackets, chequers_serial_rivers_small_b,
          supply_closet_lemuel
D:4:      layout_loops_cross, beargit_hepliaklqana_dungeon_heroes,
          nicolae_yredelemnul_corpse_copse, gup_sewer_entry_glass
D:5:      layout_loops_ring, nicolae_dithmenos_through_a_glass_darkly,
          nzn_wu_jian_council_hall, mainiacjoe_overflow_alcove_4,
          mainiacjoe_overflow_chevrons
D:6:      layout_loops_ring, minivault_4, uniq_crazy_yiuf_cottage, uniq_grinder,
          uniq_maggie
D:7:      layout_loops_ring, minmay_temple_entry_ruins, serial_bayou,
          serial_bayou_pond_e, serial_bayou_shore_b, serial_bayou_lagoon_a,
          serial_bayou_shore_a, serial_bayou_pond_c, abandoned_shop, eino_jars,
          uniq_pikel
D:8:      layout_basic, due_lair_maze_entry_diamond,
          gammafunk_ghost_abyssal_escape
D:9:      layout_big_octagon, good_gods_mini_temple, erik_orc_1,
          gammafunk_ghost_spectres
D:10:     layout_small_grid, nicolae_shop_fire_sale [nicolae_sub_dead_trees],
          nicolae_concentric_dashed_squares_wild
D:11:     layout_gridville, kennysheep_donut
D:12:     layout_basic, evilmike_ruin_ashenzari, uniq_nessos
Lair:1:   layout_gridlike
Lair:2:   layout_gridlike, alex1729_swamp_entry_worm_eleionoma,
          infiniplex_staircase_pool_2, uniq_gastronok, uniq_amaemon, uniq_harold

Skill      XL: |  1  2  3  4  5  6  7  8  9 10 11 12 |
---------------+-------------------------------------+-----
Shields        | 3 4 5 6 7 8 9 |  9.5
Unarmed Combat | 3 4 5 6 8 10 11 13 | 13.9
Fighting       | 3 4 5 6 7 8 |  8.7
Dodging        | 3 5 6 7 |  7.1

Action                     |  1- 3 |  4- 6 |  7- 9 | 10-12 || total
---------------------------+-------+-------+-------+-------++-------
  Melee: Unarmed           |    92 |   202 |   371 |   597 ||  1262
 Invoke: Serpent's Lash    |       |       |       |     3 ||     3
Ability: Lunge             |       |       |    22 |    37 ||    59
         Whirlwind         |       |       |     5 |    84 ||    89
         Wall Jump         |       |       |       |     1 ||     1
  Evoke: Wand              |       |       |       |     3 ||     3
    Use: Scroll            |     4 |     9 |     7 |     8 ||    28
         Potion            |       |     1 |     1 |     5 ||     7
   Stab: Sleeping          |     1 |     1 |     1 |       ||     3
         Confused          |       |       |       |     1 ||     1
 Armour: Robe              |    62 |    99 |    84 |       ||   245
         Steam dragon scal |       |       |    92 |   111 ||   203
         Troll leather arm |       |       |       |   315 ||   315
  Dodge: Dodged            |    24 |    91 |   174 |   292 ||   581
  Block: Kite shield       |    25 |    99 |   153 |   333 ||   610

Table legend: (Time is in decaauts)
 A = Elapsed time spent in this place.
 B = Non-inter-level travel time spent in this place.
 C = Inter-level travel time spent in this place.
 D = Time resting spent in this place.
 E = Time spent auto-exploring this place.
 F = Levels seen in this place.
 G = Mean time per level.
                   A        B        C        D        E       F      G
               +--------+--------+--------+--------+--------+-----+--------+
         Total |  11826 |  10525 |   1301 |    862 |   7094 |  15 |  788.4 |
       Dungeon |  10312 |   9084 |   1228 |    773 |   6210 |  12 |  859.3 |
          Lair |    971 |    898 |     73 |     89 |    563 |   2 |  485.5 |
         Sewer |    542 |    542 |      0 |      0 |    321 |   1 |  542.0 |
               +--------+--------+--------+--------+--------+-----+--------+

Top non-repeatable levels by time:
     D:7: 1139 daAuts
    D:11: 982 daAuts
     D:4: 956 daAuts
     D:8: 948 daAuts
     D:5: 900 daAuts
     D:6: 857 daAuts
     D:3: 803 daAuts
    D:10: 798 daAuts
     D:9: 771 daAuts
    D:12: 755 daAuts
     D:2: 710 daAuts
  Lair:1: 705 daAuts
     D:1: 689 daAuts
   Sewer: 542 daAuts
  Lair:2: 265 daAuts
